PAA
RICHLAND RAILS @ ASHEVILLE HIGHLANDERS
09/05/2030
 
TOP OF THE 1ST
Richland Rails batting - Pitching for Asheville Highlanders : RHP Manuel Sánchez
Pitching: RHP Manuel Sánchez
Batting: RHB Yoichibei Chikafuji 0-0: Foul Ball, location: 2F
0-1: Foul Ball, location: 2F
0-2: Ball
1-2: Foul Ball, location: 2F
1-2: SINGLE (Line Drive, 78M)
Batting: RHB Michael Bradshaw 0-0: Ball
1-0: Ball
2-0: Swinging Strike
2-1: Ball
3-1: Base on Balls
Yoichibei Chikafuji to second
Batting: RHB Alexandre Keeping 0-0: Ball
1-0: Ball
2-0: Ball
3-0: Base on Balls
Yoichibei Chikafuji to third
Michael Bradshaw to second
Batting: LHB Víctor Puente 0-0: Called Strike
0-1: Foul Ball, location: 2F
0-2: Fly out, F8 (Flyball, 8RD)
Runner from 3rd tags up, SCORES, throw made
Batting: SHB Jorge Colón 0-0: Ball
Michael Bradshaw steals 3rd base
1-0: Ball
2-0: Called Strike
2-1: Foul Ball, location: 2F
2-2: Ball
3-2: Strikes out looking
Alexandre Keeping steals 2nd base
Batter strikes out.
Batting: LHB Orlando Casillas 0-0: Ball
1-0: Foul Ball, location: 2F
1-1: Ball
2-1: Foul Ball, location: 2F
2-2: Ball
3-2: Foul Ball, location: 2F
3-2: Fly out, F5 (Line Drive, 56)
Top of the 1st over - 1 run, 1 hit, 0 errors, 2 left on base; Richland 1 - Asheville 0
BOTTOM OF THE 1ST
Asheville Highlanders batting - Pitching for Richland Rails : RHP Claudio Palma
Pitching: RHP Claudio Palma
Batting: SHB Jeff Lowe 0-0: Foul Ball, location: 2F
0-1: Swinging Strike
0-2: Ball
1-2: Foul Ball, location: 2F
1-2: Ball
2-2: Ball
3-2: Strikes out swinging
Batting: RHB Víctor Hernández 0-0: Ball
1-0: Foul Ball, location: 2F
1-1: Swinging Strike
1-2: Strikes out looking
Batting: RHB Dan Parkinson 0-0: Ball
1-0: Ball
2-0: Ball
3-0: Base on Balls
Batting: SHB Juan Carlos Santos 0-0: Ball
1-0: Fly out, F5 (Popup, 56)
Bottom of the 1st over - 0 runs, 0 hits, 0 errors, 1 left on base; Richland 1 - Asheville 0
TOP OF THE 2ND
Richland Rails batting - Pitching for Asheville Highlanders : RHP Manuel Sánchez
Batting: RHB Leon Carlisle 0-0: Ball
1-0: Foul Ball, location: 2F
1-1: Foul Ball, location: 2F
1-2: Ball
2-2: DOUBLE (Groundball, 5L)
Batting: RHB Spencer Lyng 0-0: Swinging Strike
0-1: Foul Ball, location: 2F
0-2: Fly out, F7 (Flyball, 78S)
Batting: RHB Wilford Funkhouser 0-0: Called Strike
0-1: Ball
1-1: DOUBLE (Line Drive, 8LXD)
Leon Carlisle scores
Batting: RHB Yoichibei Chikafuji 0-0: Ball
1-0: Swinging Strike
1-1: Ball
2-1: Fly out, F8 (Flyball, 8RM)
Batting: RHB Michael Bradshaw 0-0: Called Strike
0-1: Ball
1-1: Foul Ball, location: 2F
1-2: Ball
2-2: Foul Ball, location: 2F
2-2: Ball
3-2: Base on Balls
Batting: RHB Alexandre Keeping 0-0: Called Strike
0-1: Swinging Strike
0-2: Strikes out swinging
Top of the 2nd over - 1 run, 2 hits, 0 errors, 2 left on base; Richland 2 - Asheville 0
BOTTOM OF THE 2ND
Asheville Highlanders batting - Pitching for Richland Rails : RHP Claudio Palma
Batting: RHB Craig Tricket 0-0: Called Strike
0-1: Ball
1-1: Fly out, F7 (Line Drive, 78D)
Batting: SHB Robert Hillier 0-0: Ball
1-0: Foul Ball, location: 2F
1-1: Called Strike
1-2: Foul Ball, location: 2F
1-2: Ground out 6-3 (Groundball, 6)
Batting: LHB Jordan Westacott 0-0: Ball
1-0: Ball
2-0: Called Strike
2-1: Ball
3-1: Foul Ball, location: 2F
3-2: SINGLE (Groundball, 6D)
Batting: RHB Mario Jacome 0-0: Swinging Strike
0-1: Ball
1-1: Foul Ball, location: 2F
1-2: SINGLE (Groundball, 6MD)
Jordan Westacott to second
Jordan Westacott to third
Batting: LHB Félix Calixto 0-0: Ball
1-0: Ball
2-0: SINGLE (Flyball, 7LS)
Jordan Westacott scores
Mario Jacome to second
Batting: SHB Jeff Lowe 0-0: Called Strike
0-1: Swinging Strike
0-2: Ball
1-2: Strikes out swinging
Bottom of the 2nd over - 1 run, 3 hits, 0 errors, 2 left on base; Richland 2 - Asheville 1
TOP OF THE 3RD
Richland Rails batting - Pitching for Asheville Highlanders : RHP Manuel Sánchez
Batting: LHB Víctor Puente 0-0: Called Strike
0-1: Swinging Strike
0-2: Ball
1-2: Fly out, F8 (Flyball, 8RM)
Batting: SHB Jorge Colón 0-0: Fly out, F8 (Flyball, 8RM)
Batting: LHB Orlando Casillas 0-0: SINGLE (Groundball, 4D)
Batting: RHB Leon Carlisle 0-0: Ball
1-0: Foul Ball, location: 2F
1-1: Called Strike
1-2: Ball
2-2: Strikes out looking
Top of the 3rd over - 0 runs, 1 hit, 0 errors, 1 left on base; Richland 2 - Asheville 1
BOTTOM OF THE 3RD
Asheville Highlanders batting - Pitching for Richland Rails : RHP Claudio Palma
Batting: RHB Víctor Hernández 0-0: Ground out 3-1 (Groundball, 34)
Batting: RHB Dan Parkinson 0-0: Ball
1-0: Ball
2-0: Called Strike
2-1: Swinging Strike
2-2: Strikes out swinging
Batting: SHB Juan Carlos Santos 0-0: Ball
1-0: Ground out 4-3 (Groundball, 34D)
Bottom of the 3rd over - 0 runs, 0 hits, 0 errors, 0 left on base; Richland 2 - Asheville 1
TOP OF THE 4TH
Richland Rails batting - Pitching for Asheville Highlanders : RHP Manuel Sánchez
Batting: RHB Spencer Lyng 0-0: Called Strike
0-1: Swinging Strike
0-2: Ball
1-2: Foul Ball, location: 2F
1-2: Ball
2-2: Ball
3-2: Foul Ball, location: 2F
3-2: Foul Ball, location: 2F
3-2: SOLO HOME RUN (Flyball, 7LD), Distance : 364 ft
Batting: RHB Wilford Funkhouser 0-0: Bunted foul
0-1: Foul Ball, location: 2F
0-2: Strikes out swinging
Batting: RHB Yoichibei Chikafuji 0-0: Ball
1-0: Called Strike
1-1: Ground out 1-3 (Groundball, 13)
Batting: RHB Michael Bradshaw 0-0: Ball
1-0: Called Strike
1-1: Called Strike
1-2: Strikes out swinging
Top of the 4th over - 1 run, 1 hit, 0 errors, 0 left on base; Richland 3 - Asheville 1
BOTTOM OF THE 4TH
Asheville Highlanders batting - Pitching for Richland Rails : RHP Claudio Palma
Batting: RHB Craig Tricket 0-0: Ball
1-0: Fly out, F8 (Flyball, 89M)
Batting: SHB Robert Hillier 0-0: Ball
1-0: Called Strike
1-1: Swinging Strike
1-2: Ball
2-2: Ball
3-2: Fly out, F5 (Line Drive, 5)
Batting: LHB Jordan Westacott 0-0: Foul Ball, location: 2F
0-1: Foul Ball, location: 2F
0-2: Foul Ball, location: 2F
0-2: Foul Ball, location: 2F
0-2: Foul Ball, location: 2F
0-2: Foul Ball, location: 2F
0-2: SOLO HOME RUN (Flyball, 9LD), Distance : 352 ft
Batting: RHB Mario Jacome 0-0: Fly out, F8 (Flyball, 78D)
Bottom of the 4th over - 1 run, 1 hit, 0 errors, 0 left on base; Richland 3 - Asheville 2
TOP OF THE 5TH
Richland Rails batting - Pitching for Asheville Highlanders : RHP Manuel Sánchez
Batting: RHB Alexandre Keeping 0-0: Ball
1-0: Ball
2-0: SINGLE (Groundball, 6MD)
Batting: LHB Víctor Puente 0-0: Called Strike
0-1: Swinging Strike
0-2: Foul Ball, location: 2F
0-2: Ball
1-2: Ball
2-2: Foul Ball, location: 2F
2-2: Foul Ball, location: 2F
2-2: Ball
3-2: Fly out, F6 (Line Drive, 6D)
Batting: SHB Jorge Colón 0-0: Ball
1-0: Ball
2-0: Ball
3-0: Base on Balls
Alexandre Keeping to second
Pitching: RHP Francisco Castillo
Batting: LHB Orlando Casillas 0-0: SINGLE (Flyball, 89S)
Alexandre Keeping to third
Jorge Colón to second
Runner from 3rd tries for Home, SAFE, no throw
Batting: RHB Leon Carlisle 0-0: Foul Ball, location: 2F
0-1: Ball
1-1: 3-RUN HOME RUN (Flyball, 7LD), Distance : 355 ft
Batting: RHB Spencer Lyng 0-0: Called Strike
0-1: Ball
1-1: Called Strike
1-2: Strikes out looking
Batting: RHB Wilford Funkhouser 0-0: Ball
1-0: Foul Ball, location: 2F
1-1: Called Strike
1-2: Ground out 5-3 (Groundball, 5)
Top of the 5th over - 4 runs, 3 hits, 0 errors, 0 left on base; Richland 7 - Asheville 2
BOTTOM OF THE 5TH
Asheville Highlanders batting - Pitching for Richland Rails : RHP Claudio Palma
Batting: LHB Félix Calixto 0-0: Called Strike
0-1: Foul Ball, location: 2F
0-2: Ball
1-2: Fly out, F8 (Flyball, 8LS)
Batting: SHB Jeff Lowe 0-0: Called Strike
0-1: Ground out 4-3 (Groundball, 4MD)
Batting: RHB Víctor Hernández 0-0: Ball
1-0: Called Strike
1-1: Fly out, F7 (Line Drive, 7S)
Bottom of the 5th over - 0 runs, 0 hits, 0 errors, 0 left on base; Richland 7 - Asheville 2
TOP OF THE 6TH
Richland Rails batting - Pitching for Asheville Highlanders : RHP Francisco Castillo
Batting: RHB Yoichibei Chikafuji 0-0: Ball
1-0: Foul Ball, location: 2F
1-1: Swinging Strike
1-2: Ball
2-2: Ball
3-2: Strikes out swinging
Batting: RHB Michael Bradshaw 0-0: Ball
1-0: Fly out, F7 (Flyball, 7S)
Batting: RHB Alexandre Keeping 0-0: Foul Ball, location: 2F
0-1: Swinging Strike
0-2: Strikes out swinging
Top of the 6th over - 0 runs, 0 hits, 0 errors, 0 left on base; Richland 7 - Asheville 2
BOTTOM OF THE 6TH
Asheville Highlanders batting - Pitching for Richland Rails : RHP Claudio Palma
Batting: RHB Dan Parkinson 0-0: Called Strike
0-1: Swinging Strike
0-2: Fly out, F9 (Flyball, 9S)
Batting: SHB Juan Carlos Santos 0-0: Ground out 5-3 (Groundball, 5)
Batting: RHB Craig Tricket 0-0: Ball
1-0: Fly out, F9 (Flyball, 9S)
Bottom of the 6th over - 0 runs, 0 hits, 0 errors, 0 left on base; Richland 7 - Asheville 2
TOP OF THE 7TH
Richland Rails batting - Pitching for Asheville Highlanders : RHP Francisco Castillo
Batting: LHB Víctor Puente 0-0: Ball
1-0: Fly out, F6 (Line Drive, 4M)
Batting: SHB Jorge Colón 0-0: Swinging Strike
0-1: Ball
1-1: Foul Ball, location: 2F
1-2: Strikes out swinging
Batting: LHB Orlando Casillas 0-0: Ball
1-0: Called Strike
1-1: Ball
2-1: Ball
3-1: Swinging Strike
3-2: Foul Ball, location: 2F
3-2: Base on Balls
Batting: RHB Leon Carlisle 0-0: Swinging Strike
0-1: Swinging Strike
0-2: Ball
1-2: Foul Ball, location: 2F
1-2: Ball
2-2: Foul Ball, location: 2F
2-2: Strikes out swinging
Top of the 7th over - 0 runs, 0 hits, 0 errors, 1 left on base; Richland 7 - Asheville 2
BOTTOM OF THE 7TH
Asheville Highlanders batting - Pitching for Richland Rails : RHP Claudio Palma
Batting: SHB Robert Hillier 0-0: Ball
1-0: Swinging Strike
1-1: Ball
2-1: Ball
3-1: SOLO HOME RUN (Flyball, 9D), Distance : 360 ft
Batting: LHB Jordan Westacott 0-0: Ball
1-0: Foul Ball, location: 2F
1-1: SINGLE (Groundball, 4MD)
Batting: RHB Mario Jacome 0-0: Ball
1-0: Foul Ball, location: 2F
1-1: Swinging Strike
1-2: Ball
2-2: Foul Ball, location: 2F
2-2: SINGLE (Groundball, 3L) (infield hit)
Jordan Westacott to second
Batting: LHB Félix Calixto 0-0: Swinging Strike
0-1: Grounds into double play, 4-6-3 (Groundball, 4)
Jordan Westacott to third
Batting: SHB Jeff Lowe 0-0: Foul Ball, location: 2F
0-1: Fly out, F8 (Flyball, 8LM)
Bottom of the 7th over - 1 run, 3 hits, 0 errors, 1 left on base; Richland 7 - Asheville 3
TOP OF THE 8TH
Richland Rails batting - Pitching for Asheville Highlanders : RHP Francisco Castillo
Pitching: RHP Jesús Martínez
Batting: RHB Spencer Lyng 0-0: Ball
1-0: Ball
2-0: Called Strike
2-1: Fly out, F5 (Popup, 5SF)
Batting: RHB Wilford Funkhouser 0-0: Ball
1-0: Ground out 4-3 (Groundball, 4)
Batting: RHB Yoichibei Chikafuji 0-0: Ball
1-0: Called Strike
1-1: Foul Ball, location: 2F
1-2: Foul Ball, location: 2F
1-2: Strikes out swinging
Top of the 8th over - 0 runs, 0 hits, 0 errors, 0 left on base; Richland 7 - Asheville 3
BOTTOM OF THE 8TH
Asheville Highlanders batting - Pitching for Richland Rails : RHP Claudio Palma
Batting: RHB Víctor Hernández 0-0: Ball
1-0: Ball
2-0: SINGLE (Line Drive, 56D)
Batting: RHB Dan Parkinson 0-0: Called Strike
0-1: Swinging Strike
0-2: Ball
1-2: Strikes out swinging
Pitching: RHP Hartmann Riedman
Batting: SHB Juan Carlos Santos 0-0: Called Strike
0-1: Ground out 6-3 (Groundball, 6S)
Víctor Hernández to second
Batting: RHB Craig Tricket 0-0: Ball
1-0: Ball
2-0: Fly out, F9 (Flyball, 9S)
Bottom of the 8th over - 0 runs, 1 hit, 0 errors, 1 left on base; Richland 7 - Asheville 3
TOP OF THE 9TH
Richland Rails batting - Pitching for Asheville Highlanders : RHP Jesús Martínez
Batting: RHB Michael Bradshaw 0-0: Foul Ball, location: 2F
0-1: Foul Ball, location: 2F
0-2: Ball
1-2: Ball
2-2: Ball
3-2: Ground out 4-3 (Groundball, 4)
Batting: RHB Alexandre Keeping 0-0: Called Strike
0-1: DOUBLE (Groundball, 3L)
Batting: LHB Víctor Puente 0-0: Ball
1-0: Ball
2-0: Ball
3-0: Called Strike
3-1: Foul Ball, location: 2F
3-2: Strikes out swinging
Batting: SHB Jorge Colón 0-0: Called Strike
0-1: 2-RUN HOME RUN (Flyball, 7LD), Distance : 373 ft
Batting: LHB Orlando Casillas 0-0: Called Strike
0-1: Foul Ball, location: 2F
0-2: Ground out 6-3 (Groundball, 6)
Top of the 9th over - 2 runs, 2 hits, 0 errors, 0 left on base; Richland 9 - Asheville 3
BOTTOM OF THE 9TH
Asheville Highlanders batting - Pitching for Richland Rails : RHP Hartmann Riedman
Now at C: Jonah Cooney
Now at 1B: Rubén Hernández
Now at SS: Armando Peña
Batting: SHB Robert Hillier 0-0: Ball
1-0: Ball
2-0: Called Strike
2-1: Ball
3-1: SOLO HOME RUN (Flyball, 9LD), Distance : 345 ft
Batting: LHB Jordan Westacott 0-0: Called Strike
0-1: Foul Ball, location: 2F
0-2: Foul Ball, location: 2F
0-2: Ball
1-2: Foul Ball, location: 2F
1-2: Foul Ball, location: 2F
1-2: Ball
2-2: Strikes out swinging
Batting: RHB Mario Jacome 0-0: Ball
1-0: Ball
2-0: Called Strike
2-1: SINGLE (Groundball, 6) (infield hit)
Batting: LHB Félix Calixto 0-0: Foul Ball, location: 2F
0-1: Ball
1-1: Ball
2-1: SINGLE (Groundball, 3) (infield hit)
Mario Jacome to second
Batting: SHB Jeff Lowe 0-0: Called Strike
0-1: Foul Ball, location: 2F
0-2: Strikes out swinging
Batting: RHB Víctor Hernández 0-0: Called Strike
0-1: Called Strike
0-2: Ball
1-2: Ball
2-2: Strikes out swinging
Bottom of the 9th over - 1 run, 3 hits, 0 errors, 2 left on base; Richland 9 - Asheville 4
Sunday, March 18th, 2018 - OOTP Baseball 18.8 Build 76